AoeStats
← VIT Liereyy

Arabian Desert

509091705Analyzed
1v1 RM · 7d ago on Sep 25, 2026· 28m 46s· 2 players
Game mode
Random Map
Map size
Tiny (2 player)
Population
200
Speed
Normal
Resources
Standard
Victory
Conquest
Starting age
Dark Age
Ending age
Imperial Age
RankedLock teamsTeams togetherTeam positionsShared explorationLock speedFull tech treeHidden civsTurbo modeCheats
Victory
Defeat
🇦🇹 Tatars · Austria
2949
+16
🇳🇴 Inca · Norway
2944
-16
TAG_MbL_
6:38 Loom
9:15 Feudal Age
9:44 Double-Bit Axe
9:49 Champi Runner
10:21 Horse Collar
16:25 Fletching
16:57 Padded Archer Armor
16:59 Scale Mail Armor
19:37 Padded Archer Armor
22:31 Castle Age
21:55 Forging
22:32 Elite Skirmisher
23:08 Bodkin Arrow
22:36 Crossbowman
24:53 Leather Archer Armor
24:37 Town Watch
VIT Liereyy
6:13 Loom
8:27 Feudal Age
8:30 Loom
9:04 Double-Bit Axe
12:53 Horse Collar
15:51 Fletching
16:43 Bloodlines
22:19 Castle Age
20:43 Gold Mining
22:19 Crossbowman
22:55 Bodkin Arrow
23:11 Bow Saw
24:34 Ballistics
24:21 Heavy Plow
25:31 Wheelbarrow
Connection lost

Rejoining the realm…

Still unreachable

The connection could not be restored.

Session expired

The server has moved on; the page needs a fresh start.